 Dungeon Crawl Stone Soup version 0.27-a0-1525-g1038ab4fd7 (webtiles) character file.

Game seed: 11027126570452312896

1570 blackman the Archer (level 9, -1/63 HPs)
             Began as a Human Wanderer on July 10, 2021.
             Slain by a kobold brigand (7 damage)
             ... on level 5 of the Dungeon.
             The game lasted 00:16:01 (6765 turns).

blackman the Archer (Human Wanderer)                Turns: 6765, Time: 00:16:01

Health: -1/63      AC:  6    Str: 17    XL:     9   Next: 13%
Magic:  9/9        EV: 10    Int: 12    God:
Gold:   301        SH:  0    Dex: 12    Spells: 8/8 levels left

rFire    . . .     SeeInvis .   o - +1 dagger (elec)
rCold    . . .     Faith    .   (no shield)
rNeg     . . .     Spirit   .   p - +0 ring mail
rPois    .         Reflect  .   t - +0 helmet
rElec    .         Harm     .   (no cloak)
rCorr    .         Rampage  .   (no gloves)
Will     +....                  (no boots)
Stlth    +.........             (no amulet)
HPRegen  0.20/turn              f - ring of willpower
MPRegen  0.11/turn              (no ring)

@: lethally poisoned (-1 -> -8), slowed, very slow
A: no striking features
a: no special abilities


You were on level 5 of the Dungeon.
You visited 1 branch of the dungeon, and saw 5 of its levels.

You collected 301 gold pieces.

Inventory:

Hand Weapons
 a - a +2 shortbow
 d - a +0 dagger
 o - a +1 dagger of electrocution (weapon)
Missiles
 b - 64 arrows
 h - 50 poisoned darts
 r - 9 atropa-tipped darts
 x - a curare-tipped dart
Armour
 c - a +0 robe
 p - a +0 ring mail (worn)
 t - a +0 helmet (worn)
Jewellery
 f - a ring of willpower (left hand)
 j - a ring of magical power
Scrolls
 e - a scroll of fear {unknown}
 g - 2 scrolls of teleportation
 i - a scroll of enchant weapon {unknown}
 k - a scroll of enchant armour {unknown}
 q - a scroll of holy word {unknown}
 u - a scroll of identify {unknown}
 w - a scroll of noise {unknown}
Potions
 l - 2 potions of curing {unknown}
 m - 2 potions of degeneration {unknown}
 n - a potion of lignification {unknown}
 s - a potion of might {unknown}
 v - 2 potions of flight


   Skills:
 - Level 3.0 Fighting
 - Level 1.0 Long Blades
 + Level 5.5 Axes
 * Level 9.7 Bows
 - Level 2.0 Stealth
 - Level 1.0 Evocations


You had 8 spell levels left.
You didn't know any spells.
Your spell library contained the following spells:

 Spells                   Type           Power      Damage    Failure   Level
 Freeze                   Ice            0%         1d3       52%         1
 Sandblast                Erth           0%         2d4       52%         1
 Sting                    Tmut/Pois      0%         1d3       52%         1
 Summon Small Mammal      Summ           0%         N/A       52%         1
 Passwall                 Tmut/Erth      0%         N/A       67%         2
 Call Canine Familiar     Summ           0%         N/A       88%         3
 Frozen Ramparts          Ice            0%         1d2       88%         3
 Ignite Poison            Fire/Tmut/Pois 0%         N/A       88%         3
 Ozocubu's Armour         Ice            0%         N/A       88%         3
 Summon Guardian Golem    Hex/Summ       0%         N/A       88%         3
 Lee's Rapid Deconstruct  Erth           0%         3d5*      100%        5
 Metabolic Englaciation   Hex/Ice        0%         N/A       100%        5
 Simulacrum               Ice/Necr       0%         N/A       100%        6


Dungeon Overview and Level Annotations

Branches:
Dungeon (5/15)
 Temple: D:4-7

Altars:
Elyvilon
Trog
Vehumet
Zin
The Shining One

Shops:
D:3 *   D:4 [


Message History

You feel as though you will be slow longer.
You shoot an arrow. The arrow hits the kobold brigand.
The kobold brigand is heavily wounded.
You feel very sick.
The kobold brigand throws a curare-tipped dart.
The curare-tipped dart hits you.
You are more poisoned.
You have difficulty breathing.
You feel as though you will be slow longer.
You are too injured to fight recklessly!
You are too injured to fight recklessly!
You are too injured to fight recklessly!
You are too injured to fight recklessly!
You are too injured to fight recklessly!
You are too injured to fight recklessly!
You are too injured to fight recklessly!
You are too injured to fight recklessly!
You are too injured to fight recklessly!
You are too injured to fight recklessly!
You hear the crackle of electricity.
o - a +1 dagger of electrocution (weapon)
You feel very sick.
You feel very sick.
The kobold brigand hits you with a +0 short sword.
* * * LOW HITPOINT WARNING * * *
You see here a +0 shortbow.
You hit the kobold brigand but do no damage.
The kobold brigand is heavily wounded.
* * * LOW HITPOINT WARNING * * *
You feel very sick.
The kobold brigand hits you with a +0 short sword.
* * * LOW HITPOINT WARNING * * *
You hit the kobold brigand.
Lightning courses through the kobold brigand!
The kobold brigand is almost dead.
* * * LOW HITPOINT WARNING * * *
You feel very sick.
The kobold brigand hits you but does no damage.
The kobold brigand hits you with a +0 short sword!
You die...

.# #...........##
.###............#############
..............(.............#
...........###(.............#
......#........(............#
................#######.#####
......###'''###(........#
##...## #... ##K######.#
...### #.... #@######.# .#.#
#.K... #........# ##.# #...K.
#..####### ...# #..... #..#
...# #K.... #..### ..##
##).># ..# #.#.# .## #.#.# .#
#.#.#


You could see a kobold brigand.

Vanquished Creatures
  A centaur zombie (D:5)
  2 water moccasins (D:5)
  A sky beast (D:5)
  An ice beast (D:4)
  A necrophage (D:4)
  A centaur (D:5)
  2 kobold brigands (D:5)
  A scorpion (D:4)
  A hound (D:5)
  2 jellies (D:4)
  A gnoll shaman (D:5)
  A centaur skeleton (D:5)
  2 bullfrog skeletons (D:5)
  An iguana (D:4)
  2 hound skeletons
  10 adders
  5 gnolls (D:5)
  An adder skeleton (D:4)
  2 dart slugs
  8 orcs
  3 ball pythons
  3 bats
  3 endoplasms (D:3)
  5 giant cockroaches
  12 goblins
  3 hobgoblins
  8 jackals
  5 quokkas
  2 frilled lizards (D:2)
  12 kobolds
  6 rats
108 creatures vanquished.

Vanquished Creatures (others)
  6 toadstools (D:5)
6 creatures vanquished.

Grand Total: 114 creatures vanquished

Notes
Turn   | Place    | Note
-------+----------+-------------------------------------------
     0 | D:1      | blackman the Human Wanderer began the quest for the Orb.
     0 | D:1      | blackman set off with the following items: a +2 shortbow,
                  | 27 arrows, a +0 robe, a +0 dagger; and the following spells
                  | available to memorise: Freeze, Sting, Frozen Ramparts,
                  | Ignite Poison
     0 | D:1      | Reached XP level 1. HP: 18/18 MP: 1/1
   137 | D:1      | Reached XP level 2. HP: 17/24 MP: 2/2
   773 | D:2      | Reached skill level 4 in Bows
   773 | D:2      | Reached XP level 3. HP: 29/29 MP: 3/3
  1282 | D:2      | Reached XP level 4. HP: 31/35 MP: 4/4
  1805 | D:3      | Found Qytim's General Store.
  1810 | D:3      | Reached skill level 5 in Bows
  1884 | D:3      | Found a glowing golden altar of the Shining One.
  1938 | D:3      | Found a radiant altar of Vehumet.
  1938 | D:3      | Found a glowing silver altar of Zin.
  2165 | D:3      | Reached XP level 5. HP: 41/41 MP: 5/5
  2236 | D:3      | Found a bloodstained altar of Trog.
  2571 | D:3      | Reached skill level 1 in Axes
  2812 | D:4      | Found Toytse's Armour Emporium.
  2847 | D:4      | Found a white marble altar of Elyvilon.
  2973 | D:4      | Noticed a necrophage
  2979 | D:4      | Killed a necrophage
  2980 | D:4      | Reached skill level 6 in Bows
  2980 | D:4      | Reached XP level 6. HP: 47/47 MP: 6/6
  3182 | D:4      | HP: 2/47 [poisoned by a scorpion]
  3777 | D:4      | Reached XP level 7. HP: 48/49 MP: 7/7
  3953 | D:5      | Entered Level 5 of the Dungeon
  4068 | D:5      | Reached skill level 7 in Bows
  4068 | D:5      | Reached XP level 8. HP: 32/58 MP: 8/8
  4183 | D:5      | Reached skill level 8 in Bows
  5483 | D:5      | Reached skill level 9 in Bows
  5653 | D:5      | Reached skill level 5 in Axes
  5960 | D:5      | Reached XP level 9. HP: 39/63 MP: 9/9
  6765 | D:5      | Slain by a kobold brigand

Illustrated notes

Levels and vault maps discovered:
D:1:      dpeg_arrival_rooms_with_view, layout_loops_cross, minmay_octomino_e4
D:2:      layout_basic, eino_tiny_chamber
D:3:      layout_loops_ring, general_overflow_altar, jmf_multi_god_temple,
          trog_butcher_becter, serial_shops, nicolae_shop_waterfront
D:4:      layout_basic, elyvilon_altar_1, serial_shops, nicolae_stop_n_shop_2
D:5:      cheibrodos_fertilizer, layout_basic, enter_ossuary_2

Skill      XL: |  1  2  3  4  5  6  7  8 |
---------------+-------------------------+-----
Bows           | 4 5 6 7 9 |  9.7
Axes           | 1 2 3 5 |  5.5
Fighting       | |  3.0
Long Blades    | |  1.0
Stealth        | |  2.0
Evocations     | |  1.0

Action                   |  1- 3 |  4- 6 |  7- 9 || total
-------------------------+-------+-------+-------++-------
Melee: Dagger            |       |       |    21 ||    21
 Fire: Shortbow          |    64 |   176 |   137 ||   377
  Use: Scroll            |       |     1 |     1 ||     2
       Potion            |       |     1 |       ||     1
Armor: Robe              |     4 |     5 |       ||     9
       Ring mail         |       |     8 |    32 ||    40
Dodge: Dodged            |    10 |    33 |    31 ||    74

Table legend: (Time is in decaauts)
 A = Elapsed time spent in this place.
 B = Non-inter-level travel time spent in this place.
 C = Inter-level travel time spent in this place.
 D = Time resting spent in this place.
 E = Time spent auto-exploring this place.
 F = Levels seen in this place.
 G = Mean time per level.
                   A        B        C        D        E       F      G
               +--------+--------+--------+--------+--------+-----+--------+
         Total |   6761 |   6351 |    410 |   1341 |   4231 |   5 | 1352.2 |
       Dungeon |   6761 |   6351 |    410 |   1341 |   4231 |   5 | 1352.2 |
               +--------+--------+--------+--------+--------+-----+--------+

Top non-repeatable levels by time:
     D:5: 2238 daAuts
     D:4: 1751 daAuts
     D:2: 1080 daAuts
     D:3: 957 daAuts
     D:1: 733 daAuts
